 Dungeon Crawl Stone Soup version 0.26-a0-113-gd8a95b691d (webtiles) character file.

Game seed: 1247395465343823265

838 Conn the Sneak (level 7, -2/45 HPs)
             Began as an Octopode Wizard on June 27, 2020.
             Killed from afar by Sigmund (10 damage)
             ... with a puff of flame
             ... on level 4 of the Dungeon.
             The game lasted 00:21:37 (7296 turns).

Conn the Sneak (Octopode Wizard)                    Turns: 7296, Time: 00:21:39

Health: -2/45      AC:  1    Str:  6    XL:     7   Next: 99%
Magic:  3/14       EV: 14    Int: 22    God:
Gold:   203        SH:  0    Dex: 11    Spells: 5/16 levels left

rFire    x . .     SeeInvis .   m - +1 short sword
rCold    + . .     Faith    +   (no shield)
rNeg     . . .     Spirit   .   a - +0 hat
rPois    .         Reflect  .   o - amulet of faith
rElec    .         Harm     .   h - ring of ice
rCorr    .                      (no ring)
MR       .....                  (no ring)
Stlth    ++++......             (no ring)
HPRegen  0.15/turn              (no ring)
MPRegen  0.14/turn              (no ring)
                                (no ring)
                                (no ring)

@: no status effects
A: almost no armour, stealthy swim, amphibious, 8 rings, constrict 8, camouflage
1, gelatinous body 1
a: no special abilities


You were on level 4 of the Dungeon.
You were very hungry.

You visited 1 branch of the dungeon, and saw 5 of its levels.

You collected 203 gold pieces.

Inventory:

Hand Weapons
 m - a +1 short sword (weapon)
Missiles
 q - 42 poisoned darts (quivered)
Armour
 a - a +0 hat (worn)
Jewellery
 h - a ring of ice (left tentacle)
 o - an amulet of faith (around mantle)
Wands
 p - a wand of flame (8)
 s - a wand of random effects (11)
Scrolls
 b - a scroll of enchant weapon
 e - 3 scrolls of amnesia
 i - 2 scrolls of teleportation
 k - 2 scrolls of remove curse
 t - 4 scrolls of identify {unknown}
 u - a scroll of fear {unknown}
 x - a scroll of magic mapping {unknown}
 y - a scroll of immolation {unknown}
Potions
 d - a potion of curing
 f - a potion of ambrosia {unknown}
 g - a potion of stabbing
 l - a potion of resistance {unknown}
 n - a potion of magic {unknown}
 r - a potion of flight {unknown}
 w - a potion of mutation {unknown}
 z - a potion of invisibility {unknown}
Comestibles
 c - 8 rations


   Skills:
 + Level 2.2 Fighting
 + Level 2.8 Short Blades
 + Level 3.9 Dodging
 + Level 5.1 Stealth
 + Level 0.1 Unarmed Combat
 + Level 5.1 Spellcasting
 + Level 2.9 Conjurations
 + Level 2.1 Summonings
 + Level 1.0 Translocations
 + Level 0.3 Air Magic
 + Level 1.2 Poison Magic


You had 5 spell levels left.
You knew the following spells:

 Your Spells              Type           Power        Failure   Level  Hunger
a - Magic Dart            Conj           ###.         3%          1    None
b - Blink                 Tloc           N/A          10%         2    None
c - Call Imp              Summ           ###.....     6%          2    None
d - Conjure Flame         Conj/Fire      ##......     17%         3    ##.....
e - Mephitic Cloud        Conj/Pois/Air  ##......     16%         3    ##.....

Your spell library contained the following spells:

 Spells                   Type           Power        Failure   Level  Hunger
 Slow                     Hex            #.......     16%         2    None
 Song of Slaying          Chrm           #.......     16%         2    None


Dungeon Overview and Level Annotations

Branches:
Dungeon (5/15)
 Temple: D:4-7

Altars:
Dithmenos
Hepliaklqana
Qazlal
Vehumet
Zin

Shops:
D:3 *

Annotations:
D:4 Sigmund
D:5 stillor's ghost, novice GrEE


Innate Abilities, Weirdness & Mutations

You cannot wear most types of armour.
You are very stealthy in the water. (Stealth+)
You are amphibious.
You can wear up to eight rings at the same time.
You can use your tentacles to constrict eight enemies at once.
Your skin changes colour to match your surroundings (Stealth+).
Your rubbery body absorbs attacks. (AC +1, EV +1)


Message History

You constrict the hound skeleton.
The kobold is engulfed in noxious fumes.
The kobold appears confused.
The hound skeleton misses you.
You hit the hound skeleton.
The hound skeleton is severely damaged.
You constrict the hound skeleton. The hound skeleton bites you.
* * * LOW HITPOINT WARNING * * *
The kobold is engulfed in noxious fumes.
The kobold appears confused.
You kill the kobold!
The hound skeleton bites you.
* * * LOW HITPOINT WARNING * * *
You release your grip on the hound skeleton.
The hound skeleton bites you.
* * * LOW HITPOINT WARNING * * *
You climb upwards.
Level annotation: Sigmund Sigmund points at you and mumbles some strange words.
The puff of flame hits you! The fire burns you terribly!
You die...

#.# #.# ###########
##### #.# #.......#.#
....# #.# #.......#.#
....# #.###.......#.#
....# #.##..........#
....###.##........#.#
.........#........#.#
..........>@....@.#.#
....####.##.......#.#
##### #.#######'##.#
..# #.# #....#
..######.# #.####
......##.# #.#
..###.##.# #.# ..#
#..#.# #.# ..# ##.#.#
#.#


You could see Sigmund.

Vanquished Creatures
  A sky beast (D:5)
  A centaur (D:5)
  A howler monkey (D:4)
  A bullfrog zombie (D:5)
  2 hounds
  A jelly (D:5)
  2 bullfrog skeletons (D:5)
  Jessica (D:2)
  2 orc wizards
  2 worker ants (D:4)
  A worker ant zombie (D:5)
  2 gnolls
  7 adders
  A shadow imp (D:5)
  An adder skeleton (D:5)
  6 worms
  4 dart slugs
  5 leopard geckos
  3 orcs
  7 giant cockroaches
  2 goblins
  7 hobgoblins
  7 jackals
  11 kobolds
  4 quokkas
  6 bats
  2 frilled lizards
  A jackal skeleton (D:5)
  7 rats
98 creatures vanquished.

Vanquished Creatures (collateral kills)
  A centaur (D:5)
  A quasit (D:5)
  An orc wizard (D:2)
  2 gnolls (D:3)
  An orc (D:3)
6 creatures vanquished.

Vanquished Creatures (others)
  2 plants (D:5)
2 creatures vanquished.

Grand Total: 106 creatures vanquished

Notes
Turn   | Place    | Note
-------+----------+-------------------------------------------
     0 | D:1      | Conn the Octopode Wizard began the quest for the Orb.
     0 | D:1      | Reached XP level 1. HP: 11/11 MP: 4/4
   214 | D:1      | Reached XP level 2. HP: 16/17 MP: 3/6
   761 | D:1      | Reached XP level 3. HP: 21/21 MP: 4/8
  1272 | D:2      | Found a hazy altar of Hepliaklqana.
  1356 | D:2      | Learned a level 2 spell: Blink
  1359 | D:2      | Learned a level 2 spell: Call Imp
  1363 | D:2      | Learned a level 3 spell: Conjure Flame
  1442 | D:2      | Found a radiant altar of Vehumet.
  1582 | D:2      | Reached XP level 4. HP: 27/27 MP: 10/10
  1611 | D:2      | Found a shadowy altar of Dithmenos.
  1752 | D:2      | Noticed Jessica
  1764 | D:2      | Killed Jessica
  1776 | D:2      | Identified Jessica's Incunabulum of Self-Improvement
  1788 | D:2      | Learned a level 3 spell: Mephitic Cloud
  2231 | D:3      | Reached XP level 5. HP: 21/32 MP: 6/11
  2316 | D:3      | Found Zin's Purification Station.
  2322 | D:3      | Found a glowing silver altar of Zin.
  2425 | D:3      | Reached skill level 1 in Short Blades
  3556 | D:3      | Found a stormy altar of Qazlal.
  4188 | D:4      | Reached XP level 6. HP: 37/37 MP: 12/12
  4447 | D:4      | Reached skill level 1 in Fighting
  5026 | D:4      | Noticed Sigmund
  5480 | D:5      | Entered Level 5 of the Dungeon
  5889 | D:5      | Reached XP level 7. HP: 32/44 MP: 14/14
  7038 | D:5      | Reached skill level 5 in Stealth
  7038 | D:5      | Reached skill level 5 in Spellcasting
  7190 | D:5      | Found a runed translucent gate.
  7190 | D:5      | Noticed stillor's ghost (novice GrEE)
  7191 | D:5      | Found a runed translucent gate.
  7191 | D:5      | Found a runed translucent gate.
  7228 | D:5      | Reached skill level 1 in Poison Magic
  7296 | D:4      | Killed from afar by Sigmund

Illustrated notes

Levels and vault maps discovered:
D:1:      lemuel_arrival_muddy, layout_basic
D:2:      layout_basic, vehumet_crystals, lemuel_round_altar,
          old_standard_altar, grunt_decor_fettered, hangedman_feature_mirror,
          kennysheep_jessica_study
D:3:      layout_loops_ring, nicolae_qazlal_eye_of_the_storm, zin_purify,
          serial_park_tiny_2
D:4:      layout_basic, uniq_sigmund
D:5:      layout_loops_ring, first_ration, gammafunk_ghost_nasty_kobolds

Skill      XL: |  1  2  3  4  5  6  7 |
---------------+----------------------+-----
Spellcasting   | 4 5 |  5.1
Stealth        | 3 4 5 |  5.1
Conjurations   | 2 |  2.9
Short Blades   | 2 |  2.8
Fighting       | 1 2 |  2.2
Dodging        | 3 |  3.9
Summonings     | 2 |  2.1
Poison Magic   | 1 |  1.2
Unarmed Combat | |  0.1
Translocations | |  1.0
Air Magic      | |  0.3

Action                   |  1- 3 |  4- 6 |  7- 9 || total
-------------------------+-------+-------+-------++-------
Melee: Unarmed           |    17 |       |       ||    17
       Constrict         |     7 |    28 |     8 ||    43
       Tentacles         |     3 |    25 |     7 ||    35
       Short sword       |    12 |   146 |    51 ||   209
Throw: Dart              |       |     2 |     8 ||    10
       Throwing net      |       |     2 |     1 ||     3
 Cast: Magic Dart        |    65 |    48 |    24 ||   137
       Call Imp          |       |    12 |     7 ||    19
       Blink             |       |     3 |     1 ||     4
       Mephitic Cloud    |       |     1 |     4 ||     5
       Conjure Flame     |       |     1 |     2 ||     3
Evoke: Wand              |       |     2 |       ||     2
  Use: Scroll            |     5 |       |       ||     5
       Potion            |       |     5 |     2 ||     7
 Stab: Sleeping          |     4 |    12 |     4 ||    20
       Confused          |       |       |     1 ||     1
  Eat: Chunk             |     2 |    13 |     4 ||    19
Armor: Skin              |     1 |     9 |     3 ||    13
Dodge: Dodged            |    21 |    97 |    35 ||   153

Table legend:
 A = Non-vault XP
 B = Vault XP
 C = Vault XP percentage of total XP
 D = Non-vault monster count
 E = Vault monster count
 F = Vault count percentage of total count
                 A         B        C        D         E       F
            +---------+---------+-------+---------+---------+-------
      Total |    1155 |      43 |   3.6 |      99 |       5 |   4.8
            +---------+---------+-------+---------+---------+-------
        D:1 |      42 |       0 |   0.0 |      20 |       0 |   0.0
        D:2 |     109 |      39 |  26.4 |      19 |       2 |   9.5
        D:3 |     123 |       0 |   0.0 |      26 |       0 |   0.0
        D:4 |     220 |       0 |   0.0 |      14 |       0 |   0.0
        D:5 |     661 |       4 |   0.6 |      20 |       3 |  13.0
            +---------+---------+-------+---------+---------+-------
